 Dungeon Crawl Stone Soup version 0.29.1-12-g30fa7ad0bf (webtiles) character file.

Game seed: 15646314312956275920

2025 hawla the Frost Mage (level 9, -7/64 HPs)
             Began as a Meteoran Ice Elementalist on Jan 14, 2023.
             Was a Follower of Vehumet.
             Mangled by a red ugly thing (19 damage)
             ... on level 8 of the Dungeon.
             The game lasted 00:15:33 (1861 turns).

hawla the Frost Mage (Meteoran Ice Elementalist)    Turns: 1861, Time: 00:15:34

Health: -7/64      AC:  4    Str:  9    XL:     9   Next: 75%
Magic:  20/31      EV: 13    Int: 21    God:    Vehumet [*.....]
Gold:   231        SH:  0    Dex: 16    Spells: 12/24 levels left

rFire   . . .      SeeInvis .   c - +3 dagger "Diypneta" {chaos, MP+9}
rCold   . . .      Faith    .   (no shield)
rNeg    . . .      Spirit   .   a - +0 robe
rPois   .          Reflect  .   (no helmet)
rElec   .          Harm     .   d - +0 cloak
rCorr   .          Rampage  .   n - +0 pair of gloves
Will    +....                   (no boots)
Stlth   +.........              (no amulet)
HPRegen 0.20/turn               (no ring)
MPRegen 0.22/turn               (no ring)

@: glowing
A: sense surroundings 2, otherworldly, glowing, explore regen
a: Renounce Religion


You were on level 8 of the Dungeon.
You worshipped Vehumet.
Vehumet was aware of your devotion.
You visited 2 branches of the dungeon, and saw 9 of its levels.

You collected 231 gold pieces.

Inventory:

Hand Weapons
 c - the +3 dagger "Diypneta" (weapon) {chaos, MP+9}
   (You found it on level 5 of the Dungeon)

   Each time it hits an enemy it has a different, random effect.
   MP:        It affects your magic capacity (+9).
Armour
 a - a +0 robe (worn)
 d - a +0 cloak (worn)
 n - a +0 pair of gloves (worn)
Wands
 o - a wand of acid (12)
Scrolls
 i - a scroll of identify
 m - a scroll of teleportation {unknown}
 p - a scroll of enchant weapon {unknown}
Potions
 b - a potion of magic
 e - 2 potions of attraction
 g - a potion of ambrosia {unknown}
 l - a potion of curing


   Skills:
 - Level 1.5 Fighting
 - Level 1.4 Short Blades
 - Level 3.3 Dodging
 - Level 1.4 Stealth
 - Level 8.3 Spellcasting
 - Level 1.5 Conjurations
 - Level 8.9 Ice Magic
 + Level 7.0 Air Magic


You had 12 spell levels left.
You knew the following spells:

 Your Spells              Type           Power      Damage    Failure   Level
a - Freeze                Ice            100%       1d11      1%          1
b - Frozen Ramparts       Ice            92%        1d14      1%          3
c - Hailstorm             Conj/Ice       30%        3d8       9%          4
d - Airstrike             Air            19%        2d(3-19)  4%          4

Your spell library contained the following spells:

 Spells                   Type           Power      Damage    Failure   Level
 Shock                    Conj/Air       100%       1d9       1%          1
 Ozocubu's Armour         Ice            46%        N/A       1%          3
 Swiftness                Air            38%        N/A       1%          3
 Ice Form                 Ice/Tmut       27%        N/A       12%         4
 Summon Ice Beast         Ice/Summ       27%        N/A       12%         4
 Dazzling Flash           Conj/Hex       22%        N/A       17%         3
 Silence                  Hex/Air        11%        N/A       45%         5
 Agony                    Necr           8%         N/A       91%         5


Dungeon Overview and Level Annotations

Branches:
Dungeon (8/15) Zot: 3232   Temple (1/1) D:4 Zot: 335
   Lair: D:8-11

Altars:
Ashenzari
Cheibriados
Elyvilon
Fedhas
Hepliaklqana
Kikubaaqudgha
Nemelex Xobeh
Okawaru
Qazlal
Ru
Sif Muna
Uskayaw
Vehumet
Wu Jian
Xom
Yredelemnul
Zin
The Shining One

Shops:
D:3 [*


Innate Abilities, Weirdness & Mutations

You passively map the area around you.
You are easily found by Zot.
You glow in the dark.
You regain HP and MP as you explore.


Message History

You climb upwards.
There is a stone staircase leading down here.
You feel yourself slow down.
There is a stone staircase leading down here.
You climb downwards.
The troll shouts!
The red ugly thing gurgles horribly!
You hear a shout! x2
You hear an angry buzzing noise.
A lemure comes into view.
A death knight comes into view. It is wielding a +0 morningstar.
You hear a shout!
The lemure shouts!
There is a stone staircase leading up here.
As you read the scroll labelled RUIMER OKUR, it crumbles to dust.
You feel aware of your surroundings.
It was a scroll of magic mapping.
The death knight shouts!
A lemure comes into view.
Really read the scroll of immolation?
Okay, then.
There are monsters nearby!
Really read the scroll of immolation?
As you read the scroll of immolation, it crumbles to dust.
The creatures around you are filled with an inner flame!
The death knight mumbles some strange prayers to Yredelemnul against you.
You resist with significant effort.
A troll comes into view.
The troll shouts!
Unknown command.
Casting: Airstrike (dangerous; 4% risk of failure)
Confirm with . or Enter, or press ? or * to list all spells.
Aiming: Airstrike (dangerous; 4% risk of failure)
Press: ? - help, Dir - move target, f - troll
Aim: a troll (inner flame, empty space bonus: 7/8)
The air twists around and strikes the troll!
Flame seeps out of the troll.
The troll is moderately wounded.
The troll is engulfed in blazing flames.
Flame seeps out of the troll.
The red ugly thing headbutts you!
* * * LOW HITPOINT WARNING * * *
You are engulfed in flames!!
You die...

,#......#..#,,,,,,,,,*,,....*#...
,#......#..#,,,,,....#,,,...##...
##......##.#,,,,.T...#,,,,....°..
...........######5...####*#....#.
..####'#........p........,,...°..
..#,...#.........5.○.....,,#.....
†<#....#.................,,**#..#
..#....#........uT....########..#
..######....)...@.....#........z.
......................#..........
........#########.....#..........
........* #.....########...
........* #............#...
........* #............#...
,,......* #............#..)
,,####*** ######.......'... ,,*
#.......#...


You could see a death knight (inner flame), a red ugly thing (inner flame), 2
trolls and 2 lemures.

Vanquished Creatures
  A boulder beetle (D:8)
  An orc warrior (D:6)
  3 ogres
  2 centaurs
  A phantom (D:5)
  2 scorpions
  4 killer bees (D:8)
  2 howler monkeys (D:6)
  2 hounds
  An orc priest (D:5)
  2 jellies (D:6)
  2 iguanas (D:5)
  2 orc wizards
  3 adders
  5 gnolls (D:6)
  2 white imps (D:6)
  An ufetubus (D:5)
  2 dart slugs
  9 orcs
  3 endoplasms
  A goblin (D:3)
  2 hobgoblins
  2 kobolds
  A quokka (D:4)
  A bat (D:3)
  A frilled lizard (D:3)
  2 rats (D:3)
60 creatures vanquished.

Vanquished Creatures (collateral kills)
  An orc warrior (D:8)
1 creature vanquished.

Grand Total: 61 creatures vanquished

Notes
Turn   | Place    | Note
-------+----------+-------------------------------------------
     0 | D:1      | hawla the Meteoran Ice Elementalist began the quest for the
                  | Orb.
     0 | D:1      | Reached XP level 1. HP: 14/14 MP: 5/5
   205 | D:3      | Found Kim Idwa's Armour Boutique.
   231 | D:3      | Reached XP level 2. HP: 18/20 MP: 4/6
   289 | D:3      | Found Beqyasank's General Store.
   347 | D:3      | Found a basalt altar of Yredelemnul.
   404 | D:5      | Entered Level 5 of the Dungeon
   436 | D:5      | Reached skill level 5 in Ice Magic
   436 | D:5      | Reached XP level 3. HP: 10/26 MP: 5/8
   454 | D:4      | Found a staircase to the Ecumenical Temple.
   481 | Temple   | Entered the Ecumenical Temple
   709 | Temple   | Became a worshipper of Vehumet
   765 | D:5      | Noticed an ogre
   774 | D:5      | Reached XP level 4. HP: 19/33 MP: 5/10
   779 | D:5      | Learned a level 3 spell: Frozen Ramparts
   783 | D:5      | Killed an ogre
   784 | D:5      | Reached XP level 5. HP: 32/38 MP: 2/12
   822 | D:5      | Found a sacrificial altar of Ru.
   880 | D:5      | Reached XP level 6. HP: 24/46 MP: 8/14
   912 | D:5      | Reached skill level 5 in Spellcasting
   919 | D:5      | Learned a level 4 spell: Hailstorm
   947 | D:5      | Identified the +3 dagger "Diypneta" {chaos, MP+9}
  1032 | D:5      | Reached XP level 7. HP: 42/51 MP: 15/16
  1118 | D:5      | Found a blossoming altar of Fedhas.
  1145 | D:5      | Reached skill level 1 in Fighting
  1376 | D:6      | Reached skill level 1 in Short Blades
  1376 | D:6      | Reached XP level 8. HP: 18/59 MP: 2/19
  1561 | D:6      | Reached * piety under Vehumet
  1561 | D:6      | Offered knowledge of Shock by Vehumet.
  1570 | D:6      | Reached skill level 1 in Conjurations
  1712 | D:8      | Gained mutation: You passively map the area around you.
                  | [Meteoran growth]
  1712 | D:8      | Reached XP level 9. HP: 47/64 MP: 19/22
  1750 | D:8      | Learned a level 4 spell: Airstrike
  1802 | D:8      | Noticed a boulder beetle
  1824 | D:8      | Killed a boulder beetle
  1835 | D:8      | Noticed a skeletal warrior
  1857 | D:8      | Noticed a troll
  1857 | D:8      | Noticed a red ugly thing
  1857 | D:8      | Noticed a death knight
  1859 | D:8      | Noticed a troll
  1861 | D:8      | Mangled by a red ugly thing

Illustrated notes

Levels and vault maps discovered:
D:1:      minmay_arrival_four_houses, layout_basic,
          hellmonk_ecumenical_altar_run_dry
D:2:      minmay_inner_zag, layout_basic
D:3:      layout_basic, mainiacjoe_overflow_cross_hatched, serial_shops,
          nicolae_shop_trees, nicolae_shop_waterfront, shop, shop, shop,
          dk_vineyard_3, uniq_natasha
D:4:      layout_gridville, jmf_multi_god_temple,
          minmay_temple_entry_stoned_glass
D:5:      layout_cave_pools, nicolae_ru_path_of_blood,
          fedhas_bush_and_centaur_altar, enter_ossuary_2,
          uniq_crazy_yiuf_cottage
D:6:      layout_cave_pools, minmay_fractal_squares_5
D:7:      minmay_polygon_palace, layout_gridville, nicolae_elevator_lobby_plus,
          uniq_prince_ribbit1, uniq_duvessa
D:8:      minmay_cut_squares, layout_gridville, minmay_holes, uniq_pikel
Temple:   regret_index_temple_generic_petals

Skill      XL: |  1  2  3  4  5  6  7  8  9 |
---------------+----------------------------+-----
Spellcasting   | 3 4 5 6 8 |  8.3
Ice Magic      | 5 6 7 8 |  8.9
Dodging        | 3 |  3.3
Fighting       | 1 |  1.5
Short Blades   | 1 |  1.4
Conjurations   | 1 |  1.5
Air Magic      | 7 |  7.0
Stealth        | |  1.4

Action                   |  1- 3 |  4- 6 |  7- 9 || total
-------------------------+-------+-------+-------++-------
Melee: Unarmed           |     4 |       |       ||     4
       Dagger            |       |    23 |    11 ||    34
 Cast: Freeze            |    31 |    12 |    28 ||    71
       Frozen Ramparts   |       |     4 |    13 ||    17
       Hailstorm         |       |       |    16 ||    16
       Airstrike         |       |       |     5 ||     5
  Use: Scroll            |     5 |       |     4 ||     9
       Potion            |       |     2 |     2 ||     4
Armor: Robe              |     7 |     5 |    13 ||    25
Dodge: Dodged            |    17 |    18 |    47 ||    82
